 Dungeon Crawl Stone Soup version 0.29-a0-813-g4a14ea37d6 (webtiles) character file.

Game seed: 1057183646255690925

77 Mgcat the Trooper (level 4, 0/49 HPs)
             Began as an Ogre Fighter on July 4, 2022.
             Slain by an orc priest
             ... wielding a +0 hand axe
              (6 damage)
             ... on level 2 of the Dungeon.
             The game lasted 00:02:55 (2648 turns).

Mgcat the Trooper (Ogre Fighter)                    Turns: 2648, Time: 00:02:56

Health: 0/49       AC:  3    Str: 22    XL:     4   Next: 34%
Magic:  4/4        EV:  8    Int:  9    God:
Gold:   77         SH:  7    Dex:  8    Spells: 3/3 levels left

rFire   . . .      SeeInvis .   a - +0 war axe
rCold   . . .      Faith    .   c - +0 kite shield
rNeg    . . .      Spirit   .   b - +0 robe
rPois   +          Reflect  .   (helmet restricted)
rElec   .          Harm     .   (no cloak)
rCorr   .          Rampage  .   (gloves unavailable)
Will    .....                   (boots unavailable)
Stlth   +.........              (no amulet)
HPRegen 0.16/turn               l - ring of poison resistance {rPois, !d}
MPRegen 0.09/turn               (no ring)

@: mighty
A: large, unfitting armour, tough skin 1
a: no special abilities


You were on level 2 of the Dungeon.
You visited 1 branch of the dungeon, and saw 2 of its levels.

You collected 77 gold pieces.

Inventory:

Hand Weapons
 a - a +0 war axe (weapon)
Armour
 b - a +0 robe (worn)
 c - a +0 kite shield (worn)
Jewellery
 l - a ring of poison resistance (left hand) {rPois, !d}
   (You found it on level 2 of the Dungeon)
 m - an amulet of the acrobat
   (You took it off an orc on level 2 of the Dungeon)
 o - a ring of fire {rF+, rC-}
   (You found it on level 2 of the Dungeon)
Scrolls
 f - a scroll of noise {unknown}
 g - a scroll of teleportation
 k - 2 scrolls of identify {unknown}
 n - a scroll of enchant weapon {unknown}
Potions
 d - a potion of might
 e - 3 potions of brilliance {unknown}
 h - 3 potions of attraction {unknown}
 i - a potion of curing {unknown}
 j - a potion of flight {unknown}


   Skills:
 + Level 4.7 Fighting
 * Level 3.1 Axes
 + Level 3.1 Dodging
 + Level 3.4 Shields


You had 3 spell levels left.
You didn't know any spells.
Your spell library contained the following spells:

 Spells                   Type           Power      Damage    Failure   Level
 Summon Small Mammal      Summ           0%         N/A       67%         1


Dungeon Overview and Level Annotations

Branches:
Dungeon (2/15)

Altars:


Innate Abilities, Weirdness & Mutations

You are too large for most types of armour.
You have tough skin. (AC +1)


Message History

No target in view!
You see here a +0 club.
You see here a +0 war axe.
You see here a +0 whip.
You see here a +0 whip.
An orc is nearby!
You block the orc's attack. The orc hits you with a +0 trident.
You take 1 damage, and have 48/49 hp.
You slash the orc!
You kill the orc!
Health restored: 49 No target in view!
No target in view!
The orc shouts!
The orc shoots a sling bullet.
The sling bullet hits you. The sling bullet freezes you.
You hear a shout!
You take 6 damage, and have 43/49 hp.
There are monsters nearby!
You start resting.
An orc is nearby!
The orc unwields a +0 sling of freezing.
The orc barely misses you.
You slash the orc!
You kill the orc!
No target in view!
No target in view!
No target in view!
You see here a +0 sling of freezing.
Key pressed, stopping explore.
Key pressed, stopping explore.
Key pressed, stopping explore.
HP restored.
An orc priest is nearby!
An orc priest is nearby!
An orc priest is nearby!
Health restored: 49 Spoiler Alert: The orc priest (wandering) can smite you!
An orc priest is nearby!
Lua error: [string "/dgldir/rcfiles/crawl-git/Mgcat.rc"]:930: invalid capture index No reachable target in view!
Lua error: [string "/dgldir/rcfiles/crawl-git/Mgcat.rc"]:930: invalid capture index No reachable target in view!
Lua error: [string "/dgldir/rcfiles/crawl-git/Mgcat.rc"]:930: invalid capture index Unknown command.
Spoiler Alert: The orc priest (wandering) can smite you!
Unknown command.
Lua error: [string "/dgldir/rcfiles/crawl-git/Mgcat.rc"]:930: invalid capture index Lua error: [string "/dgldir/rcfiles/crawl-git/Mgcat.rc"]:930: invalid capture index The orc priest shouts!
Spoiler Alert: The orc priest can smite you!
The orc shouts!
You barely miss the orc priest.
The orc priest hits you with a +0 hand axe.
You block the orc priest's attack.
You take 1 damage, and have 48/49 hp.
You barely miss the orc priest.
The orc priest mumbles some strange prayers to Beogh against you.
Pain shoots through your body!
You take 14 damage, and have 34/49 hp.
MASSIVE DAMAGE!!
Spoiler Alert: The orc priest can smite you!
You are too injured to fight recklessly!
You are too injured to fight recklessly!
You are too injured to fight recklessly!
You are too injured to fight recklessly!
You barely miss the orc priest. You closely miss the orc.
The orc priest hits you with a +0 hand axe.
The orc barely misses you.
The orc priest invokes the aid of Beogh against you.
Pain shoots through your body! The orc closely misses you.
The orc barely misses you.
You take 5 damage, and have 29/49 hp.
Spoiler Alert: The orc priest can smite you!
You hit the orc priest but do no damage.
You hit the orc. x2; The orc priest completely misses you.
The orc hits you with a +0 club. The orc completely misses you.
You take 1 damage, and have 28/49 hp.
You feel very mighty all of a sudden.
The orc priest hits you with a +0 hand axe.
The orc hits you with a +0 club. The orc hits you with a +0 flail!
* * * LOW HITPOINT WARNING * * *
You take 15 damage, and have 13/49 hp.
MASSIVE DAMAGE!!
Spoiler Alert: The orc priest can smite you!
You hit the orc priest but do no damage.
You barely miss the orc. You slash the orc!
You kill the orc!
The orc priest invokes the aid of Beogh against you.
You barely resist. The orc barely misses you.
You closely miss the orc priest. You slash the orc!
You kill the orc!
The orc priest hits you with a +0 hand axe.
* * * LOW HITPOINT WARNING * * *
The orc priest hits you with a +0 hand axe.
* * * LOW HITPOINT WARNING * * *
You take 7 damage, and have 6/49 hp.
Spoiler Alert: The orc priest can smite you!
You barely miss the orc priest.
The orc priest hits you with a +0 hand axe.
You die...

.## #.###...........# ## #.#
#.##...)..### # #.# #..#....#.# #
##### ###.# ##.###..#.#### ###
##...## ##..>## #.#....#....# ..#
#.....###.....# #.#)####.##..
#.###...#..#..#...# #.#.........#
#......###...###o.###.#.#.#.#.###
#.##.#..#.)#..#)@..)..........#
..##.##...##...)#.#.#.#.#.#.#.##
###......##.##..#..............#
...........##...........######.#
###.....#.....#..##.#.### #.#
##.#.###...###.##.#.# #.#
#.#..#..#..#..##.#.# #.#
####..................# #.#
.....########.##.###### #.#


You could see an orc priest.

Vanquished Creatures
  An adder (D:2)
  2 worms (D:2)
  A dart slug (D:1)
  6 orcs (D:2)
  3 endoplasms
  A giant cockroach (D:1)
  4 goblins
  4 hobgoblins
  5 jackals (D:1)
  8 kobolds
  A quokka (D:2)
  A ball python (D:2)
  5 bats
  4 frilled lizards (D:1)
  5 rats
51 creatures vanquished.

Vanquished Creatures (others)
  A plant (D:1)
1 creature vanquished.

Grand Total: 52 creatures vanquished

Notes
Turn   | Place    | Note
-------+----------+-------------------------------------------
     0 | D:1      | Mgcat the Ogre Fighter began the quest for the Orb.
     0 | D:1      | Reached XP level 1. HP: 24/24 MP: 1/1
    79 | D:1      | Reached XP level 2. HP: 32/32 MP: 2/2
   566 | D:1      | Reached XP level 3. HP: 39/39 MP: 3/3
   698 | D:1      | Reached skill level 3 in Dodging
   841 | D:1      | Found a faded altar of an unknown god.
   854 | D:1      | Got Plato's Writings on Rallying
  1013 | D:2      | HP: 6/40 [orc/+0 war axe (7)]
  1538 | D:2      | HP: 3/40 [worm (10)]
  2038 | D:2      | Reached skill level 3 in Axes
  2038 | D:2      | Reached XP level 4. HP: 49/49 MP: 4/4
  2647 | D:2      | HP: 10/49 [orc priest/+0 hand axe (4)]
  2648 | D:2      | Slain by an orc priest

Illustrated notes

Levels and vault maps discovered:
D:1:      dpeg_arrival_rooms_with_view, layout_basic,
          shapermc_ecumenical_altar_rom_forum, minmay_misc_feat_roman,
          grunt_decor_resistance
D:2:      cheibrodos_pilgrimage, layout_loops_ring, serial_glass,
          glass_columns_a, glass_columns_a, due_unseen_surprise,
          minmay_strange_pillars

Skill      XL: |  1  2  3 |
---------------+----------+-----
Dodging        | 3 |  3.1
Axes           | 3 |  3.1
Fighting       | |  4.7
Shields        | |  3.4

Action                   |  1- 3 |  4- 6 || total
-------------------------+-------+-------++-------
Melee: War axe           |   152 |    41 ||   193
  Use: Scroll            |     1 |       ||     1
       Potion            |       |     1 ||     1
Armor: Robe              |    40 |    11 ||    51
Dodge: Dodged            |    64 |    26 ||    90
Block: Kite shield       |    70 |    22 ||    92

Table legend: (Time is in decaauts)
 A = Elapsed time spent in this place.
 B = Non-inter-level travel time spent in this place.
 C = Inter-level travel time spent in this place.
 D = Time resting spent in this place.
 E = Time spent auto-exploring this place.
 F = Levels seen in this place.
 G = Mean time per level.
                   A        B        C        D        E       F      G
               +--------+--------+--------+--------+--------+-----+--------+
         Total |   2746 |   2665 |     81 |    634 |   1495 |   2 | 1373.0 |
       Dungeon |   2746 |   2665 |     81 |    634 |   1495 |   2 | 1373.0 |
               +--------+--------+--------+--------+--------+-----+--------+

Top non-repeatable levels by time:
     D:1: 1581 daAuts
     D:2: 1165 daAuts

Table legend:
 A = Kills in this place as a percentage of kills in entire the game.
 B = Kills by you in this place as a percentage of kills by you in the entire game.
 C = Kills by friends in this place as a percentage of kills by friends in the entire game.
 D = Other kills in this place as a percentage of other kills in the entire game.
 E = Experience gained in this place as a percentage of experience gained in the entire game.
 F = Experience gained in this place divided by the number of levels of this place that you have seen.
                   A       B       C       D       E      F
               +-------+-------+-------+-------+-------+----------------------
         Total | 100.0 | 100.0 |   N/A |   N/A | 100.0 |  55.5
       Dungeon | 100.0 | 100.0 |   N/A |   N/A | 100.0 |  55.5
               +-------+-------+-------+-------+-------+----------------------
